 Dungeon Crawl Stone Soup version 0.28.0-45-g0d030f2227 (webtiles) character file.

Game seed: 9392654666084339964

46 pkoi the Ruffian (level 3, -1/29 HPs)
             Began as a Demigod Gladiator on Apr 9, 2022.
             Slain by a gnoll
             ... wielding a +0 spear
              (2 damage)
             ... on level 3 of the Dungeon.
             The game lasted 00:01:57 (1630 turns).

pkoi the Ruffian (Demigod Gladiator)                Turns: 1630, Time: 00:01:58

Health: -1/29      AC:  7    Str: 19    XL:     3   Next: 26%
Magic:  5/5        EV: 11    Int: 10    God:
Gold:   27         SH:  0    Dex: 15    Spells: 2/2 levels left

rFire   . . .      SeeInvis +     - Unarmed
rCold   . . .      Faith    .   (no shield)
rNeg    . . .      Spirit   .   e - +0 ring mail
rPois   .          Reflect  .   b - +0 helmet
rElec   .          Harm     .   (no cloak)
rCorr   .          Rampage  .   (no gloves)
Will    .....                   j - +0 pair of boots
Stlth   +.........              (no amulet)
HPRegen 0.09/turn               i - ring of see invisible
MPRegen 0.09/turn               (no ring)

@: no status effects
A: high MP 1, forlorn, divine attributes
a: no special abilities


You were on level 3 of the Dungeon.
You visited 1 branch of the dungeon, and saw 3 of its levels.

You collected 27 gold pieces.

Inventory:

Hand Weapons
 f - a +0 club
 g - a +0 rapier
Missiles
 c - 3 throwing nets (quivered)
 d - 63 stones
Armour
 a - a +0 leather armour
 b - a +0 helmet (worn)
 e - a +0 ring mail (worn)
 j - a +0 pair of boots (worn)
Jewellery
 i - a ring of see invisible (left hand)


   Skills:
 - Level 2.0 Fighting
 - Level 1.7 Throwing
 + Level 1.1 Armour
 - Level 2.6 Dodging
 * Level 3.7 Unarmed Combat


You had 2 spell levels left.
You didn't know any spells.
Your spell library was empty.

Dungeon Overview and Level Annotations

Branches:
Dungeon (2/15)


Innate Abilities, Weirdness & Mutations

You have an increased reservoir of magic. (+10% MP)
You shall have no god before yourself.
Your divine heritage dramatically boosts your attributes as you level up.


Message History

You are too injured to fight recklessly!
You are too injured to fight recklessly!
You are too injured to fight recklessly!
You are too injured to fight recklessly!
Unknown command.
The gnoll hits you from afar with a +0 spear!
* * * LOW HITPOINT WARNING * * *
The adder closely misses you.
A jackal comes into view.
You closely miss the adder.
The jackal barks!
The adder bites you but does no damage. The gnoll barely misses you.
You barely miss the adder. The adder bites you.
* * * LOW HITPOINT WARNING * * *
A gnoll comes into view. It is wielding a +0 club.
The gnoll closely misses you. The adder closely misses you.
You closely miss the adder. The adder bites you but does no damage.
The gnoll misses you.
You miss the adder. The adder barely misses you.
You barely miss the adder.
A gnoll comes into view. It is wielding a +0 spear.
The gnoll hits you from afar with a +0 spear.
* * * LOW HITPOINT WARNING * * *
The adder bites you but does no damage.
You punch the adder!
The adder is severely wounded.
The gnoll hits you from afar with a +0 spear.
* * * LOW HITPOINT WARNING * * *
The adder bites you but does no damage.
You miss the adder.
The adder is severely wounded.
The adder bites you but does no damage.
The gnoll hits you from afar with a +0 spear.
* * * LOW HITPOINT WARNING * * *
You miss the adder.
The adder is severely wounded.
A jackal comes into view.
The adder barely misses you.
The gnoll hits you from afar with a +0 spear.
You die...

.. .. . #. # .### .#
..# .# # #.##.#
....#######g#h.#####
.......@Sgghg.......
....########..######
. #..# ##... .### .#
.# .# .#


You could see 4 gnolls, an adder and 2 jackals.

Vanquished Creatures
  A gnoll (D:1)
  4 dart slugs (D:1)
  3 bats
  2 endoplasms (D:1)
  2 giant cockroaches (D:1)
  2 goblins
  4 hobgoblins
  A quokka (D:1)
  2 ball pythons (D:1)
  2 frilled lizards (D:1)
  3 kobolds (D:1)
  3 rats
29 creatures vanquished.

Notes
Turn   | Place    | Note
-------+----------+-------------------------------------------
     0 | D:1      | pkoi the Demigod Gladiator began the quest for the Orb.
     0 | D:1      | Reached XP level 1. HP: 17/17 MP: 3/3
   353 | D:1      | Reached skill level 3 in Unarmed Combat
   377 | D:1      | Reached XP level 2. HP: 20/24 MP: 4/4
   997 | D:1      | Reached XP level 3. HP: 29/29 MP: 5/5
  1139 | D:1      | Reached skill level 1 in Armour
  1611 | D:2      | You fall into a shaft and drop 1 floor!
  1629 | D:3      | HP: 1/29 [gnoll/+0 spear (4)]
  1630 | D:3      | Slain by a gnoll

Illustrated notes

Levels and vault maps discovered:
D:1:      ncdulo_smallfort, layout_basic, hangedman_glass_teeth
D:2:      layout_rooms, basic_altar, serial_shops, shop, minmay_circle_x
D:3:      layout_rooms, chequers_serial_rivers_micro_b

Skill      XL: |  1  2  3 |
---------------+----------+-----
Fighting       | 2 |  2.0
Unarmed Combat | 3 |  3.7
Armour         | 1 |  1.1
Throwing       | |  1.7
Dodging        | |  2.6

Action                   || total
-------------------------++-------
Melee: Unarmed           ||   125
       Punch             ||     5
  Use: Scroll            ||     2
Armor: Leather armour    ||    13
       Ring mail         ||    38
Dodge: Dodged            ||    84
